 Dungeon Crawl Stone Soup version 0.31-a0-1074-g0b22e4e0f1 (webtiles) character file.

Game seed: 8130226816214894146

2103 Jeffwins the Grappler (level 9, -3/93 HPs)
             Began as an Ogre Shapeshifter on Nov 27, 2023.
             Slain by an orc warrior
             ... wielding a +0 dire flail
              (11 damage)
             ... on level 6 of the Dungeon.
             The game lasted 00:08:56 (6623 turns).

Jeffwins the Grappler (Ogre Shapeshifter)           Turns: 6623, Time: 00:08:57

Health: -3/93      AC:  3    Str: 20    XL:     9   Next: 28%
Magic:  9/9        EV:  9    Int: 15    God:
Gold:   339        SH:  0    Dex:  8    Spells: 6/8 levels left

rFire   . .          .
                       - Unarmed
rCold   . . .        (no shield)
rNeg    . . .        a - +0 animal skin
rPois   .            (helmet currently unavailable)
rElec   .            (cloak currently unavailable)
rCorr   .            (gloves unavailable)
SInv    .            (boots unavailable)
Will    .....        g - amulet of regeneration
Stlth   +            (no ring)
HPRegen 1.15/turn    (no ring)
MPRegen 0.11/turn

%: no passive effects
@: mighty, beast-form
A: beast (slay +3), large, unfitting armour, tough skin 1
a: Begin Untransformation


You were on level 6 of the Dungeon.
You were a hulking beast.
You visited 2 branches of the dungeon, and saw 8 of its levels.

You collected 387 gold pieces.
You spent 48 gold pieces at shops.


Innate Abilities, Weirdness & Mutations

You are a hulking beast.
Your limbs bulge with bestial killing power. (Slay +3)
You are too large for most types of armour.
You have tough skin. (AC +1)


   Skills:
 + Level 7.5 Fighting
 - Level 1.7 Dodging
 + Level 2.1 Shields
 * Level 8.0 Unarmed Combat
 + Level 1.1 Transmutations
 + Level 6.1 Shapeshifting


You had 6 spell levels left.
You knew the following spells:

 Your Spells              Type           Power      Damage    Failure   Level
z - Wereblood             Tmut           3%         N/A       26%         2

Your spell library contained the following spells:

 Spells                   Type           Power      Damage    Failure   Level
 Slow                     Hex            0%         N/A       26%         1
 Cigotuvi's Dreadful Rot  Necr/Pois/Air  0%         N/A       38%         2
 Sublimation of Blood     Necr           0%         N/A       38%         2
 Ignite Poison            Fire/Tmut/Pois 1%         N/A       56%         3
 Confusing Touch          Hex            0%         N/A       63%         3
 Sigil of Binding         Hex            0%         N/A       63%         3
 Vampiric Draining        Necr           0%         2d6       63%         3
 Freezing Cloud           Conj/Ice/Air   0%         6-21      100%        5
 Summon Hydra             Summ           0%         N/A       100%        7

Inventory:

Missiles
 b - 5 boomerangs
 m - 9 poisoned darts (quivered)
Armour
 a - a +0 animal skin (worn)
 s - a +0 tower shield
 v - a scarf of shadows
Jewellery
 g - an amulet of regeneration (around neck)
Talismans
 c - a beast talisman
 d - a flux talisman
Wands
 u - a wand of flame (21)
 y - a wand of charming (2)
Scrolls
 f - 3 scrolls of blinking
 h - a scroll of amnesia
 i - 2 scrolls of teleportation {@r4}
 j - a scroll of fear
 k - a scroll of butterflies
 n - a scroll of poison {!r}
 o - a scroll of enchant weapon
 q - a scroll of silence {!r}
 r - a scroll of vulnerability {!r}
 t - 4 scrolls of revelation
 w - 2 scrolls of fog {unknown}
Potions
 e - 2 potions of curing {@q1}
 l - a potion of heal wounds {unknown}
 x - a potion of enlightenment {unknown}

Dungeon Overview and Level Annotations

Branches:
Dungeon (7/15)             Temple (1/1) D:5

Altars:
Ashenzari
Dithmenos
Elyvilon
Fedhas
Hepliaklqana
Kikubaaqudgha
Makhleb
Nemelex Xobeh
Qazlal
Ru
Sif Muna
Trog
Uskayaw
Vehumet
Wu Jian
Zin

Shops:
D:1 !   D:2 [[!   D:3 (

Annotations:
D:3 exclusion: downstairs

.##### #.#.......# #.# #. .#
#.........# #.# #. .# ###.>.....#
#.# #. '## #c......# #.# #. ..##
#.......# ##.# ## ...##
#####.#### #..# ##. ....##
##.###.# #..## ##..
.....####...##.########...####...
.....'........coh............'...
.....####...##.########...####...
....## ##.#.....######..## ##..
...## ###.#.#.##.......# ##. ..##
#...#.##.#.....# ## '##
#.###.##.#.....# # .#
#.....##.#.....# .#####
#.######.#.....# .....# #.#
#.#.....# #


You could see an orc warrior and a centaur.


Message History

The arrow hits you.
Unknown command.
The orc warrior hits you with a +0 dire flail!
* * * LOW HITPOINT WARNING * * *
You barely miss the orc warrior.
The orc warrior hits you with a +0 dire flail!!
* * * LOW HITPOINT WARNING * * *
You feel very mighty all of a sudden.
The orc warrior hits you with a +0 dire flail.
* * * LOW HITPOINT WARNING * * *
You punch the orc warrior!
The orc warrior is moderately wounded.
The orc warrior hits you with a +0 dire flail!
* * * LOW HITPOINT WARNING * * *
Unknown command.
You closely miss the orc warrior.
The orc warrior is moderately wounded.
The orc warrior hits you with a +0 dire flail.
* * * LOW HITPOINT WARNING * * *
Unknown command.
You feel better.
The orc warrior hits you with a +0 dire flail!
* * * LOW HITPOINT WARNING * * *
You closely miss the orc warrior.
The orc warrior is moderately wounded.
The orc warrior hits you with a +0 dire flail!
* * * LOW HITPOINT WARNING * * *
You feel better.
The orc warrior hits you with a +0 dire flail!
You die...

Skill      XL: |  1  2  3  4  5  6  7  8  9 |
---------------+----------------------------+-----
Unarmed Combat | 3 4 5 6 7 8 |  8.0
Fighting       | 2 3 4 5 7 |  7.5
Shapeshifting  | 4 5 6 |  6.1
Shields        | 1 2 |  2.1
Transmutations | 1 |  1.1
Dodging        | |  1.7

Action                     |  1- 3 |  4- 6 |  7- 9 || total
---------------------------+-------+-------+-------++-------
  Melee: Unarmed           |    60 |   148 |   213 ||   421
         Punch             |       |     4 |    14 ||    18
  Throw: Dart              |       |     2 |       ||     2
  Evoke: Wand              |       |       |     3 ||     3
    Use: Potion            |     2 |     4 |     3 ||     9
         Scroll            |       |     8 |     3 ||    11
 Armour: Animal skin       |    38 |    86 |   194 ||   318
         Skin              |    19 |       |       ||    19
  Dodge: Dodged            |    29 |    60 |   102 ||   191

Levels and vault maps discovered:
D:1:      nicolae_arrival_somewhat_less_tricky_arrival, layout_basic,
          serial_shops, nicolae_shop_statue_plus
D:2:      cheibrodos_helix_gallery, layout_basic, serial_shops, shop, shop,
          shop, hellmonk_ecumenical_altar_heavens_door, uniq_natasha
D:3:      layout_rooms, nicolae_overflow_squiral, serial_shops,
          nicolae_shop_statue_plus
D:4:      kb_forest_paths, layout_basic, cheibrodos_ashenzari_chains,
          mainiacjoe_overflow_brackets
D:5:      layout_gridville, lemuel_zombie_altar_kikubaaqudgha,
          mainiacjoe_overflow_alcove_2, minmay_temple_entry_fiery,
          abandoned_shop, serial_bayou_pond_d, feat_on_display
D:6:      layout_loops_corners, kennysheep_little_box, uniq_grinder,
          uniq_blork_the_orc
D:7:      layout_cave_pools, chequers_serial_rivers_micro_c,
          guppyfry_shop_venom, uniq_maurice, uniq_duvessa,
          uniq_crazy_yiuf_cottage, uniq_menkaure
Temple:   dpeg_three_leaves_temple

Notes
Turn   | Place    | Note
-------+----------+-------------------------------------------
     0 | D:1      | Jeffwins the Ogre Shapeshifter began the quest for the Orb.
     0 | D:1      | Reached XP level 1. HP: 19/19 MP: 1/1
   111 | D:1      | Reached XP level 2. HP: 27/27 MP: 2/2
   132 | D:1      | Found Terchiep's Distillery.
   758 | D:2      | Reached skill level 3 in Unarmed Combat
   862 | D:2      | Found a faded altar of an unknown god.
   912 | D:2      | Identified a potion of resistance
   914 | D:2      | Reached skill level 2 in Fighting
   914 | D:2      | Reached XP level 3. HP: 9/35 MP: 3/3
  1020 | D:2      | Noticed Natasha
  1040 | D:2      | Killed Natasha
  1158 | D:2      | Reached XP level 4. HP: 40/44 MP: 4/4
  1205 | D:2      | Found Wimieret's Armour Emporium.
  1205 | D:2      | Found Vianyloif's Antique Armour Shoppe.
  1421 | D:2      | Identified the +2 scale mail of Conscience {Str+2}
  1788 | D:2      | Found Ubi Yxkell's Distillery.
  1792 | D:2      | Bought a potion of might for 48 gold pieces
  2157 | D:3      | Found Sopeblesh's Antique Weapon Boutique.
  2174 | D:3      | Reached skill level 3 in Fighting
  2174 | D:3      | Reached skill level 4 in Unarmed Combat
  2174 | D:3      | Reached XP level 5. HP: 38/53 MP: 5/5
  2602 | D:3      | Found a shimmering blue altar of Sif Muna.
  2603 | D:3      | Found a hazy altar of Hepliaklqana.
  2790 | D:4      | Found a broken altar of Ashenzari.
  3017 | D:4      | Reached skill level 4 in Shapeshifting
  3171 | D:4      | Noticed an ogre
  3179 | D:4      | Killed an ogre
  3180 | D:4      | Reached skill level 4 in Fighting
  3180 | D:4      | Reached XP level 6. HP: 29/62 MP: 6/6
  3508 | D:4      | Noticed a black bear
  3518 | D:4      | Killed a black bear
  3519 | D:4      | Reached skill level 5 in Unarmed Combat
  3981 | D:4      | Reached XP level 7. HP: 66/71 MP: 7/7
  3983 | D:4      | Found a glowing silver altar of Zin.
  4301 | D:5      | Entered Level 5 of the Dungeon
  4355 | D:5      | Noticed a kobold demonologist
  4368 | D:5      | Noticed a neqoxec
  4373 | D:5      | Noticed an ice devil
  4378 | D:5      | Killed a kobold demonologist
  4379 | D:5      | Reached skill level 5 in Fighting
  4447 | D:5      | Found a sparkling altar of Nemelex Xobeh.
  4513 | D:5      | Reached skill level 6 in Unarmed Combat
  4575 | D:5      | Reached skill level 5 in Shapeshifting
  4635 | D:4      | Reached XP level 8. HP: 76/83 MP: 8/8
  4804 | D:5      | Reached skill level 6 in Fighting
  5020 | D:5      | Found an ancient bone altar of Kikubaaqudgha.
  5072 | D:5      | Found a staircase to the Ecumenical Temple.
  5196 | Temple   | Entered the Ecumenical Temple
  5433 | D:6      | Reached skill level 7 in Unarmed Combat
  5730 | D:6      | Reached skill level 7 in Fighting
  5808 | D:6      | Reached skill level 1 in Shields
  5901 | D:6      | Reached XP level 9. HP: 83/93 MP: 9/9
  6079 | D:6      | Reached skill level 6 in Shapeshifting
  6097 | D:6      | Found a white marble altar of Elyvilon.
  6245 | D:6      | Learned a level 2 spell: Wereblood
  6279 | D:6      | Noticed Grinder
  6279 | D:6      | Noticed Blork the orc
  6286 | D:6      | Paralysed by Grinder for 4 turns
  6297 | D:6      | Killed Grinder
  6304 | D:6      | Killed Blork the orc
  6514 | D:7      | Noticed Menkaure
  6533 | D:6      | Killed Menkaure
  6534 | D:6      | Reached skill level 2 in Shields
  6534 | D:6      | Reached skill level 8 in Unarmed Combat
  6534 | D:6      | Reached skill level 1 in Transmutations
  6622 | D:6      | HP: 2/93 [orc warrior/+0 dire flail (10)]
  6623 | D:6      | Slain by an orc warrior

Vanquished Creatures
  A kobold demonologist (D:5)
  Menkaure (D:6)
  3 black bears
  An ice beast (D:6)
  An orc warrior (D:6)
  An ogre (D:4)
  A centaur (D:6)
  A phantom (D:6)
  Blork the orc (D:6)
  A scorpion (D:6)
  A howler monkey (D:6)
  2 hounds
  A jelly (D:4)
  4 orc priests
  4 iguanas
  Natasha (D:2)
  4 orc wizards
  10 adders
  2 shadow imps (D:6)
  A white imp (D:6)
  An ufetubus (D:6)
  4 worms
  3 dart slugs
  14 orcs
  5 ball pythons
  4 bats
  A bat zombie (D:5)
  6 endoplasms
  5 goblins
  5 hobgoblins
  A quokka (D:5)
  5 frilled lizards
  4 kobolds
  3 rats
  A rat zombie (D:5)
104 creatures vanquished.

Vanquished Creatures (collateral kills)
  Grinder (D:6)
  An adder (D:6)
2 creatures vanquished.

Grand Total: 106 creatures vanquished

Table legend: (Time is in decaauts)
 A = Elapsed time spent in this place.
 B = Non-inter-level travel time spent in this place.
 C = Inter-level travel time spent in this place.
 D = Time resting spent in this place.
 E = Time spent auto-exploring this place.
 F = Levels seen in this place.
 G = Mean time per level.
                   A        B        C        D        E       F      G
               +--------+--------+--------+--------+--------+-----+--------+
         Total |   6588 |   6236 |    352 |    335 |   4900 |   8 |  823.5 |
       Dungeon |   6586 |   6234 |    352 |    335 |   4900 |   7 |  940.9 |
        Temple |      1 |      1 |      0 |      0 |      0 |   1 |    1.0 |
               +--------+--------+--------+--------+--------+-----+--------+

Top non-repeatable levels by time:
     D:4: 1586 daAuts
     D:2: 1222 daAuts
     D:6: 1184 daAuts
     D:5: 1025 daAuts
     D:3: 809 daAuts
     D:1: 746 daAuts
     D:7: 12 daAuts
  Temple: 1 daAuts

Table legend:
 A = Non-vault XP
 B = Vault XP
 C = Vault XP percentage of total XP
 D = Non-vault monster count
 E = Vault monster count
 F = Vault count percentage of total count
                 A         B        C        D         E       F
            +---------+---------+-------+---------+---------+-------
      Total |    2249 |     756 |  25.2 |      92 |      14 |  13.2
            +---------+---------+-------+---------+---------+-------
        D:1 |      18 |       0 |   0.0 |      11 |       0 |   0.0
        D:2 |      61 |      40 |  39.6 |      17 |       3 |  15.0
        D:3 |      88 |       0 |   0.0 |      13 |       0 |   0.0
        D:4 |     381 |     172 |  31.1 |      11 |       6 |  35.3
        D:5 |     958 |       3 |   0.3 |      23 |       2 |   8.0
        D:6 |     743 |     541 |  42.1 |      17 |       3 |  15.0
            +---------+---------+-------+---------+---------+-------
